 Dungeon Crawl Stone Soup version 0.32-a0-913-g739538afd8 (webtiles) character file.

Game seed: 3504089880304048575

206269 Doorstop00 the Peltast (level 18, -3/172 HPs)
             Began as a Minotaur Berserker on Apr 8, 2024.
             Was a High Priest of Trog.
             Killed by an exploding guardian serpent (5 damage)
             ... ignited by their inner flame
             ... on level 4 of the Snake Pit on Apr 9, 2024.
             The game lasted 02:55:27 (35707 turns).

Doorstop00 the Peltast (Minotaur Berserker)        Turns: 35707, Time: 02:55:28

Health: -3/172     AC: 31    Str: 24    XL:     18   Next: 6%
Magic:  0/17       EV: 10    Int:  8    God:    Trog [*****.]
Gold:   729        SH: 22    Dex: 12    Spells: 17/17 levels left

rFire   . . .        L - +6 broad axe "Maysidim" {vamp, Fly rC+ Will+}
rCold   + . .        E - +1 tower shield
rNeg    . . .        Q - +2 plate armour {Will+}
rPois   +            (helmet restricted)
rElec   .            F - +0 cloak
rCorr   .            P - +1 pair of gloves "Muovisut" {rPois Regen+ SInv}
SInv    +            M - +2 pair of boots {Stlth+}
Will    +++++        D - amulet of regeneration Stlth
                     q - +4 ring of slaying
HPRegen 3.08/turn    B - +4 ring of protection
MPRegen 0.15/turn

%: no passive effects
@: lethally poisoned (-3 -> -4), about to teleport, weakened, strong-willed,
flying, regenerating
A: horns 2, retaliatory headbutt
}: 1/15 runes: decaying
a: Renounce Religion, Berserk, Trog's Hand, Brothers in Arms


You were on level 4 of the Snake Pit.
You worshipped Trog.
Trog was extremely pleased with you.
You visited 5 branches of the dungeon, and saw 30 of its levels.
You also visited: Sewer and Bailey.

You collected 3029 gold pieces.
You spent 2300 gold pieces at shops.

Inventory:

Hand Weapons
 h - the +8 broad axe "Usselymi" {vamp, rCorr Str+2 Int+2}
   (You found it on level 1 of the Snake Pit)

   Str+2:     It affects your strength (+2).
   Int+2:     It affects your intelligence (+2).
   rCorr:     It protects you from acid and corrosion.
 G - a +6 war axe of flaming
 L - the +6 broad axe "Maysidim" (weapon) {vamp, Fly rC+ Will+}
   (You acquired it in a bailey)

   rC+:       It protects you from cold.
   Will+:     It increases your willpower.
   Fly:       It grants you flight.
Armour
 E - a +1 tower shield (worn)
 F - a +0 cloak (worn)
 M - a +2 pair of boots of stealth (worn)
 P - the +1 pair of gloves "Muovisut" (worn) {rPois Regen+ SInv}
   (You bought it in a shop on level 1 of the Snake Pit)

   rPois:     It protects you from poison.
   SInv:      It lets you see invisible.
   Regen+:    It increases your rate of health regeneration.
 Q - a +2 plate armour of willpower (worn)
Jewellery
 c - a ring of resist corrosion
 q - a +4 ring of slaying (left hand)
 s - a ring of protection from cold
 B - a +4 ring of protection (right hand)
 D - an amulet of regeneration (around neck)
Wands
 d - a wand of flame (36)
 n - a wand of charming (17)
 x - a wand of iceblast (7)
 K - a wand of quicksilver (1)
 O - a wand of polymorph (2)
Scrolls
 e - a scroll of vulnerability
 f - 6 scrolls of enchant weapon
 g - 2 scrolls of enchant armour
 l - a scroll of fog
 r - 3 scrolls of summoning
 t - 8 scrolls of teleportation
 y - 4 scrolls of poison
 A - 3 scrolls of immolation
 C - 4 scrolls of revelation
 H - a scroll of silence
 I - 2 scrolls of blinking
 J - 9 scrolls of identify
 N - 2 scrolls of fear
Potions
 a - 4 potions of cancellation
 b - 4 potions of resistance
 i - 11 potions of curing
 j - 8 potions of heal wounds
 k - a potion of haste
 m - 7 potions of enlightenment
 o - 5 potions of lignification
 p - a potion of mutation
 u - 7 potions of brilliance
 v - 3 potions of might
 w - a potion of magic


   Skills:
 * Level 18.2 Fighting
 - Level 17.9(18.0) Axes
 + Level 1.0(11.8) Maces & Flails
 * Level 16.2 Armour
 * Level 12.3 Dodging
 * Level 20.5 Shields
 * Level 8.6 Evocations


You had 17 spell levels left.
You didn't know any spells.
Your spell library was empty.

Dungeon Overview and Level Annotations

Branches:
Dungeon (15/15)            Temple (0/1) D:6            Lair (5/5) D:8
  Swamp (4/4) Lair:3        Snake (4/4) Lair:2        Slime (0/5) Lair:4
    Orc (2/2) D:12            Elf (0/3) Orc:2        Vaults (0/5) D:14
 Depths (0/4) D:15          Sewer (visited)          Bailey (visited)

Altars:
Dithmenos
Elyvilon
Fedhas
Gozag
Hepliaklqana
Kikubaaqudgha
Okawaru
Qazlal
Sif Muna
Uskayaw
Vehumet
Wu Jian
Zin
The Shining One
Beogh
Jiyva
Lugonu

Shops:
D:1 [   D:3 (   D:4 *   D:6 *   D:9 **   D:13 (   D:14 :   Orc:2 ![([
Snake:1 ((*[

Portals:
Abyss: Lair:5

Annotations:
D:13 3 runed translucent doors, Vauhadiu's ghost, novice FoFi
Swamp:4 3 runed translucent doors, jasper's ghost, adept MiBe


Innate Abilities, Weirdness & Mutations

You have a pair of horns on your head.
You reflexively headbutt those who attack you in melee.


Message History

Trog appreciates your killing of a magic user.
The fiery explosion engulfs the anaconda!!
Trog accepts your kill.
The fiery explosion engulfs the naga!!!
Trog accepts your kill.
The naga explodes!
The fiery explosion engulfs the naga sharpshooter!!
Flame seeps out of the naga sharpshooter.
The naga sharpshooter is severely wounded.
The anaconda explodes!
The fiery explosion engulfs the guardian serpent!!!
Trog accepts your kill.
Trog appreciates your killing of a magic user.
The fiery explosion engulfs the naga sharpshooter!!
Trog accepts your kill.
Trog appreciates your killing of a magic user.
The naga sharpshooter explodes!
The fiery explosion engulfs the guardian serpent!!
The guardian serpent is almost dead.
The fiery explosion engulfs the naga!!!
Trog accepts your kill.
The naga explodes!
The guardian serpent explodes!
The fiery explosion engulfs the naga!!
Flame seeps out of the naga.
The naga is severely wounded.
The fiery explosion engulfs the black mamba!
Flame seeps out of the black mamba.
The black mamba is moderately wounded.
The guardian serpent explodes!
The fiery explosion engulfs the guardian serpent!!!
Trog accepts your kill.
Trog appreciates your killing of a magic user.
The fiery explosion engulfs the naga mage!!
Flame seeps out of the naga mage.
The naga mage is almost dead.
The fiery explosion engulfs you!!
* * * LOW HITPOINT WARNING * * *
The guardian serpent explodes!
The fiery explosion engulfs the salamander.
The salamander completely resists.
The fiery explosion engulfs you.
You die...

###'###
####..S..####
##....?......##
..........[....
...............
.....N.SNS§....
......N°°○§....
.NN..N°@°§○S...
...S.§N○○§§§§.N
......§§§§§§§..
........§§§§§..
#......)......#
.##.........##.
.###...###. ..
.#.#. ..


You could see a naga sharpshooter, 2 salamanders, an anaconda, 2 naga
ritualists, a shock serpent, a guardian serpent, 2 black mambas, a naga mage
(inner flame, catching breath) and 2 nagas.

Vanquished Creatures
  Saint Roka (Orc:2)
  Mlioglotl (Snake:2)
  Frances (D:14)
  A thorn hunter (Swamp:2)
  Roxanne (Snake:2)
  Aizul (Swamp:4)
  4 eleionomae
  4 bunyips
  6 shambling mangroves
  3 salamander tyrants
  A vault guard (D:14)
  7 alligators
  A ghost crab (Swamp:3)
  28 hydras
  7 centaur warriors
  15 two-headed ogres
  4 boulder beetles
  7 anacondas
  4 catoblepae
  A death knight (D:14)
  2 ogre magi (D:15)
  2 tengu warriors (D:15)
  A deep troll earth mage (D:15)
  11 naga sharpshooters
  An orc high priest (Orc:2)
  Urug (Lair:4)
  3 naga warriors
  2 thrashing horrors (Lair:5)
  Nergalle (D:10)
  3 shock serpents
  5 skeletal warriors
  3 salamander mystics
  4 skysharks
  2 goliath frogs
  3 spriggan druids
  A lindwurm (Lair:5)
  2 bog bodies (Swamp:2)
  13 mana vipers
  10 swamp dragons
  2 large abominations (Lair:5)
  4 orc knights
  An oklob plant (Lair:3)
  4 deep elf pyromancers
  6 naga ritualists
  An obsidian bat (Orc:1)
  5 will-o-the-wisps
  Maurice (Orc:1)
  6 manticores
  2 orc sorcerers (Orc:1)
  15 ugly things
  4 cyclopes
  8 salamanders
  6 meliai
  5 elephants (Lair:5)
  8 guardian serpents
  43 black mambas
  9 kobold blastminers
  Joseph (D:8)
  2 torpor snails
  7 naga magi
  Maggie (D:6)
  2 smoke demons (Lair:5)
  A cane toad (shapeshifter) (D:15)
  12 cane toads
  2 gargoyles
  2 freezing wraiths
  A rime drake (shapeshifter) (D:13)
  11 komodo dragons
  An efreet (D:15)
  An unseen horror (D:12)
  2 tengu conjurers (D:15)
  A polar bear (Lair:1)
  Psyche (D:9)
  A queen bee (D:14)
  8 trolls
  A troll (shapeshifter) (Lair:5)
  23 hornets
  8 tyrant leeches
  Grinder (D:3)
  5 dream sheep (Lair:5)
  Prince Ribbit (D:6)
  2 raiju (Lair:5)
  21 blink frogs
  Sigmund (D:3)
  11 slime creatures
  10 spriggans
  23 yaks
  4 wraiths
  A ynoxinul (Lair:5)
  4 basilisks
  3 wargs
  3 wyverns
  A hog (shapeshifter) (Lair:5)
  2 humans (D:10)
  Eustachio (D:4)
  A chaos spawn (Lair:5)
  2 steam dragons
  16 vampire mosquitoes
  8 swamp worms
  24 nagas
  7 small abominations (Lair:5)
  An acid dragon (D:12)
  A water moccasin (shapeshifter) (D:14)
  Edmund (D:4)
  16 water moccasins
  38 orc warriors
  10 swamp drakes
  An ice beast (D:5)
  2 laughing skulls (D:15)
  3 black bears
  19 ogres
  10 centaurs
  3 phantoms
  4 kobold brigands
  3 gnoll sergeants
  10 bullfrogs
  A scorpion (D:6)
  3 wights (D:8)
  A hornet simulacrum (D:14)
  27 killer bees
  4 electric eels (D:12)
  3 howler monkeys
  8 jellies
  26 orc priests
  4 hounds
  3 sleepcaps
  2 gnoll boudas
  5 iguanas
  29 orc wizards
  6 hell rats (Lair:4)
  10 adders
  31 gnolls
  2 shadow imps
  4 white imps
  4 ufetubi (D:6)
  3 dart slugs
  A ribbon worm (D:4)
  111 orcs
  8 ball pythons
  24 endoplasms
  A giant cockroach (D:3)
  9 goblins
  7 hobgoblins
  8 jackals
  14 kobolds
  3 quokkas
  3 bats
  A frilled lizard (D:2)
  7 rats
  A spectral weapon (Swamp:3)
1035 creatures vanquished.

Vanquished Creatures (collateral kills)
  Jorgrun (Snake:2)
  A thorn hunter (Swamp:3)
  A salamander tyrant (Snake:3)
  An alligator (Swamp:3)
  A naga sharpshooter (Snake:3)
  A naga warrior (Snake:2)
  A spriggan (Swamp:3)
  A salamander (Snake:3)
  A black mamba (Snake:3)
  A hornet (Swamp:3)
  2 tyrant leeches (Swamp:3)
  3 nagas (Snake:2)
15 creatures vanquished.

Vanquished Creatures (others)
  2 bloated husks
  2 orcs (Orc:2)
  16 foxfires
20 creatures vanquished.

Grand Total: 1070 creatures vanquished

Notes
Turn   | Place    | Note
-------+----------+-------------------------------------------
     0 | D:1      | Doorstop00 the Minotaur Berserker began the quest for the
                  | Orb.
     0 | D:1      | Reached XP level 1. HP: 19/19 MP: 0/0
   178 | D:1      | Reached XP level 2. HP: 23/27 MP: 1/1
   686 | D:1      | Found Ibaist's Armour Emporium.
  1019 | D:2      | Identified the +0 robe "Ellaof" {-Tele Str-5 Int+4 SInv}
  1235 | D:2      | Reached XP level 3. HP: 32/33 MP: 2/2
  1540 | D:3      | Found a stormy altar of Qazlal.
  1621 | D:3      | Reached ** piety under Trog
  1624 | D:3      | Reached XP level 4. HP: 41/41 MP: 3/3
  1627 | D:3      | Reached skill level 5 in Axes
  1655 | D:3      | Found Laurhi's Antique Weapon Emporium.
  1779 | D:3      | Found a glowing drain.
  1789 | Sewer    | Entered a sewer
  1835 | Sewer    | Reached XP level 5. HP: 47/47 MP: 4/4
  2073 | D:3      | Noticed Sigmund
  2073 | D:3      | Noticed Grinder
  2085 | D:3      | Killed Sigmund
  2085 | D:3      | Paralysed by Grinder for 5 turns
  2086 | D:3      | Reached skill level 5 in Fighting
  2086 | D:3      | Reached XP level 6. HP: 52/56 MP: 5/5
  2102 | D:3      | Killed Grinder
  2103 | D:3      | Reached XP level 7. HP: 22/61 MP: 6/6
  2274 | D:3      | Found a faded altar of an unknown god.
  2385 | D:3      | Found a shadowy altar of Dithmenos.
  2505 | D:3      | Found a hazy altar of Hepliaklqana.
  2769 | D:4      | Reached *** piety under Trog
  2811 | D:4      | Found Rasch's General Store.
  2825 | D:4      | Noticed Eustachio
  2840 | D:4      | Killed Eustachio
  2841 | D:4      | Reached skill level 5 in Armour
  2841 | D:4      | Reached XP level 8. HP: 63/70 MP: 7/7
  3010 | D:4      | Noticed Edmund
  3019 | D:4      | Killed Edmund
  3440 | D:5      | Entered Level 5 of the Dungeon
  3591 | D:5      | Reached skill level 10 in Axes
  3705 | D:5      | Reached **** piety under Trog
  4041 | D:6      | Found a glowing golden altar of the Shining One.
  4128 | D:6      | Noticed Maggie
  4129 | D:6      | Found Asorch's Elemental Accessories.
  4139 | D:6      | Killed Maggie
  4140 | D:6      | Reached skill level 1 in Shields
  4140 | D:6      | Reached XP level 9. HP: 27/78 MP: 8/8
  4582 | D:6      | Reached skill level 5 in Dodging
  4584 | D:6      | Found a staircase to the Ecumenical Temple.
  4801 | D:6      | Noticed Prince Ribbit
  4804 | D:6      | Killed Prince Ribbit
  4805 | D:6      | Reached skill level 2 in Shields
  5530 | D:7      | Paralysed by a hornet for 2 turns
  5537 | D:6      | Reached skill level 3 in Shields
  5672 | D:7      | Found an ornate altar of the Wu Jian Council.
  5700 | D:7      | Reached XP level 10. HP: 83/88 MP: 9/9
  5778 | D:7      | Reached ***** piety under Trog
  6213 | D:8      | Found a staircase to the Lair.
  6335 | D:8      | Reached skill level 4 in Shields
  6348 | D:8      | Found a white marble altar of Elyvilon.
  6758 | D:8      | Noticed Joseph
  6767 | D:8      | Killed Joseph
  7018 | D:9      | Found a blossoming altar of Fedhas.
  7112 | D:9      | Noticed Psyche
  7120 | D:9      | Killed Psyche
  7183 | D:9      | Reached skill level 5 in Shields
  7217 | D:9      | Found Xietenoc's General Store.
  7221 | D:9      | Found Tyvoxih's Specific Store.
  7229 | D:9      | Bought a scroll of enchant weapon for 90 gold pieces
  7229 | D:9      | Bought a scroll of noise for 12 gold pieces
  7262 | D:9      | Noticed a two-headed ogre
  7267 | D:9      | Killed a two-headed ogre
  7268 | D:9      | Reached skill level 6 in Shields
  7303 | D:9      | Found an ancient bone altar of Kikubaaqudgha.
  7645 | D:10     | Entered Level 10 of the Dungeon
  7702 | D:10     | Noticed a two-headed ogre
  7708 | D:10     | Killed a two-headed ogre
  7837 | D:10     | Found a hide-covered altar of Uskayaw.
  7867 | D:10     | Found a shimmering blue altar of Sif Muna.
  7938 | D:10     | Received a gift from Trog
  7939 | D:10     | Reached XP level 11. HP: 68/95 MP: 10/10
  8026 | D:10     | Found an opulent altar of Gozag.
  8026 | D:10     | Noticed a two-headed ogre
  8038 | D:10     | Killed a two-headed ogre
  8194 | D:10     | Reached skill level 7 in Shields
  8274 | D:10     | Found a flagged portal.
  8286 | Bailey   | Entered a bailey
  8580 | Bailey   | Identified the +9 battleaxe "Jellybane" {protect, rC+ MP+9}
  8582 | Bailey   | Noticed an orc knight
  8598 | Bailey   | Killed an orc knight
  8614 | Bailey   | Acquired the +6 broad axe "Maysidim" {vamp, Fly rC+ Will+}
  8885 | D:10     | Found an iron altar of Okawaru.
  8901 | D:10     | Found a glowing silver altar of Zin.
  9453 | D:1      | Bought a +0 plate armour of poison resistance for 378 gold
                  | pieces
  9655 | Lair:1   | Entered Level 1 of the Lair of Beasts
  9747 | Lair:1   | Reached skill level 8 in Shields
  9951 | Lair:1   | Noticed a catoblepas
  9980 | Lair:1   | Killed a catoblepas
  9981 | Lair:1   | Reached skill level 15 in Axes
 10251 | Lair:1   | Reached skill level 1 in Evocations
 10355 | Lair:1   | Reached skill level 10 in Armour
 11062 | D:11     | Noticed Nergalle
 11062 | D:11     | Found a gate leading to a gauntlet.
 11078 | D:10     | Killed Nergalle
 11145 | D:11     | Reached XP level 12. HP: 104/104 MP: 8/11
 11189 | D:11     | Reached skill level 10 in Fighting
 11273 | D:11     | Noticed a two-headed ogre
 11343 | D:10     | Killed a two-headed ogre
 11344 | D:10     | Reached skill level 9 in Shields
 11704 | D:11     | Noticed a two-headed ogre
 11715 | D:11     | Killed a two-headed ogre
 11925 | D:11     | Reached ****** piety under Trog
 11925 | D:11     | Received a gift from Trog
 11981 | D:11     | Noticed a boulder beetle
 11991 | D:11     | Killed a boulder beetle
 12271 | D:12     | Noticed a two-headed ogre
 12281 | D:12     | Killed a two-headed ogre
 12867 | Lair:2   | Found a staircase to the Snake Pit.
 13105 | Lair:2   | Reached skill level 10 in Shields
 13410 | Lair:2   | Reached XP level 13. HP: 116/116 MP: 5/12
 14488 | Lair:3   | Identified the +6 plate armour of Hymoffoe {Will- Dex+3
                  | Slay+4}
 14636 | Lair:3   | Found a staircase to the Swamp.
 14873 | Lair:3   | Reached skill level 1 in Maces & Flails
 15361 | Lair:4   | Noticed Urug
 15371 | Lair:4   | Killed Urug
 15848 | Lair:4   | Found a viscous altar of Jiyva.
 15848 | Lair:4   | Found a staircase to the Slime Pits.
 16380 | D:12     | Reached skill level 11 in Shields
 16644 | D:12     | You are sucked into a shaft and drop 3 floors!
 16644 | D:15     | Entered Level 15 of the Dungeon
 17119 | D:12     | Received a gift from Trog
 17165 | D:12     | Found a staircase to the Orcish Mines.
 17197 | Orc:1    | Entered Level 1 of the Orcish Mines
 17548 | Orc:1    | Noticed Maurice
 17568 | Orc:1    | Something stole an amulet of magic regeneration
 17569 | Orc:1    | Something stole 728 gold
 17572 | Orc:1    | Something stole a +1 mace of holy wrath
 17572 | Orc:1    | Something stole 110 gold
 17587 | Orc:1    | Killed Maurice
 17881 | Orc:2    | Entered Level 2 of the Orcish Mines
 17881 | Orc:2    | Found a staircase to the Elven Halls.
 18073 | Orc:1    | Received a gift from Trog
 18377 | Orc:2    | Reached XP level 14. HP: 106/126 MP: 9/13
 18793 | Orc:2    | Found a roughly hewn altar of Beogh.
 18931 | Orc:2    | Found a roughly hewn altar of Beogh.
 18985 | Orc:2    | Found a roughly hewn altar of Beogh.
 19001 | Orc:2    | Noticed Saint Roka
 19030 | Orc:2    | Killed Saint Roka
 19031 | Orc:2    | Reached skill level 12 in Shields
 19034 | Orc:2    | Received a gift from Trog
 19481 | Orc:2    | Found a roughly hewn altar of Beogh.
 19496 | Orc:2    | Found Jomn's Distillery.
 19504 | Orc:2    | Reached skill level 5 in Evocations
 19509 | Orc:2    | Bought a potion of heal wounds for 60 gold pieces
 19509 | Orc:2    | Bought a potion of heal wounds for 60 gold pieces
 19509 | Orc:2    | Bought a potion of heal wounds for 60 gold pieces
 19509 | Orc:2    | Bought a potion of attraction for 36 gold pieces
 19539 | Orc:2    | Bought a potion of might for 48 gold pieces
 19539 | Orc:2    | Bought a potion of berserk rage for 60 gold pieces
 19724 | Orc:2    | Found Juigg's Antique Armour Shop.
 19728 | Orc:2    | Found Meonigg's Antique Weapon Boutique.
 19731 | Orc:2    | Found a roughly hewn altar of Beogh.
 19885 | Orc:2    | Found a roughly hewn altar of Beogh.
 19898 | Orc:2    | Found Conimi Wilua's Antique Armour Shoppe.
 20045 | Orc:2    | Bought a pair of embroidered boots for 240 gold pieces
 20288 | Lair:5   | Entered Level 5 of the Lair of Beasts
 20834 | Lair:5   | Reached skill level 13 in Shields
 21218 | Lair:5   | Identified the +1 helmet "Hero's Friend" {rF+ Str+2}
 21364 | Lair:5   | Received a gift from Trog
 22077 | Lair:5   | Reached skill level 10 in Dodging
 22129 | Lair:5   | Reached skill level 14 in Shields
 22139 | Lair:5   | Reached XP level 15. HP: 116/138 MP: 0/14
 22147 | Lair:5   | Found a corrupted altar of Lugonu.
 22147 | Lair:5   | Found a one-way gate to the infinite horrors of the Abyss.
 23321 | D:13     | Found a runed translucent gate.
 23322 | D:13     | Found a runed translucent gate.
 23322 | D:13     | Found a runed translucent gate.
 23322 | D:13     | Noticed an azure jelly
 23322 | D:13     | Noticed an acid blob
 23326 | D:13     | Noticed an acid blob
 23327 | D:13     | Noticed an acid blob
 23327 | D:13     | Noticed Vauhadiu's ghost (novice FoFi)
 23327 | D:13     | Noticed an azure jelly
 23327 | D:13     | Noticed an azure jelly
 23328 | D:13     | Noticed an azure jelly
 23330 | D:13     | Noticed an azure jelly
 23331 | D:13     | Found a viscous altar of Jiyva.
 23400 | D:13     | Found Ylozoagg's Antique Weapon Boutique.
 23635 | D:14     | Received a gift from Trog
 24185 | D:14     | Noticed Frances
 24371 | D:14     | Killed Frances
 24372 | D:14     | Reached skill level 15 in Shields
 24534 | D:14     | Found a radiant altar of Vehumet.
 24547 | D:14     | Found Pitek's Self-Improvement Boutique.
 24625 | D:14     | Found a gate to the Vaults.
 25486 | D:15     | Reached skill level 15 in Fighting
 26079 | D:15     | Reached skill level 16 in Shields
 26214 | D:15     | Found a hide-covered altar of Uskayaw.
 26488 | D:15     | Found a staircase to the Depths.
 26492 | D:15     | Identified the +9 war axe "Kekolocya" {flame, Str+6 Int-2}
                  | (Trog gifted it to you on level 15 of the Dungeon)
 26492 | D:15     | Received a gift from Trog
 27173 | Swamp:1  | Entered Level 1 of the Swamp
 27208 | Swamp:1  | Reached XP level 16. HP: 121/149 MP: 0/15
 28814 | Swamp:2  | Noticed a thorn hunter
 28828 | Swamp:2  | Killed a thorn hunter
 28840 | Swamp:2  | Reached skill level 17 in Shields
 29217 | Swamp:2  | Reached skill level 15 in Armour
 29537 | Swamp:3  | Received a gift from Trog
 29543 | Swamp:3  | Noticed a thorn hunter
 29551 | Swamp:3  | Killed a thorn hunter
 30224 | Swamp:4  | Entered Level 4 of the Swamp
 30425 | Swamp:4  | Reached skill level 18 in Shields
 30433 | Swamp:4  | Paralysed by a hornet for 1 turns
 31059 | Swamp:4  | Reached XP level 17. HP: 160/160 MP: 14/16
 31233 | Swamp:4  | Got a decaying rune of Zot
 31709 | Swamp:4  | Identified the serpent talisman of the Known World {Int+3}
 31709 | Swamp:4  | Noticed Aizul
 31722 | Swamp:4  | Killed Aizul
 31797 | Swamp:4  | Found a runed translucent gate.
 31798 | Swamp:4  | Found a runed translucent gate.
 31804 | Swamp:4  | Noticed a tentacled monstrosity
 31805 | Swamp:4  | Noticed jasper's ghost (adept MiBe)
 31900 | Swamp:4  | Found a runed translucent gate.
 32257 | Snake:1  | Entered Level 1 of the Snake Pit
 32257 | Snake:1  | Found Mawiacyung's Weapon Shoppe.
 32438 | Snake:1  | Identified the +8 broad axe "Usselymi" {vamp, rCorr Str+2
                  | Int+2}
 32463 | Snake:1  | Found Uzoocaupp's Antique Weapon Emporium.
 32915 | Snake:1  | Found Axiyxku's Antique Armour Emporium.
 32930 | Snake:1  | Bought a pair of embroidered gloves for 307 gold pieces
 32930 | Snake:1  | Bought a pair of encrusted gloves for 389 gold pieces
 32930 | Snake:1  | Identified the +1 pair of gloves "Muovisut" {rPois Regen+
                  | SInv} (You bought it in a shop on level 1 of the Snake Pit)
 33205 | D:1      | Bought a +2 plate armour of willpower for 560 gold pieces
 33563 | Snake:1  | Reached skill level 19 in Shields
 33624 | Snake:1  | Found Ninoug's General Store.
 33679 | Snake:2  | Received a gift from Trog
 33782 | Snake:2  | Noticed Mlioglotl
 33791 | Snake:2  | Killed Mlioglotl
 34046 | Snake:2  | Noticed Roxanne
 34092 | Snake:2  | Killed Roxanne
 34153 | Snake:2  | Noticed Jorgrun
 34162 | Snake:2  | Killed Jorgrun
 35044 | Snake:2  | Received a gift from Trog
 35159 | Snake:3  | Reached skill level 20 in Shields
 35586 | Snake:4  | Entered Level 4 of the Snake Pit
 35604 | Snake:3  | Reached XP level 18. HP: 33/172 MP: 17/17
 35707 | Snake:4  | HP: 2/172 [spore (25)]
 35707 | Snake:4  | Killed by an exploding guardian serpent... ignited by their
                  | inner flame

Illustrated notes

Levels and vault maps discovered:
D:1:      sevenhm_arrival_forest_fort_small_6, layout_loops_corners,
          serial_shops, nicolae_shop_behind_doors, hangedman_decor_points,
          chequers_serial_rivers_micro_e
D:2:      layout_basic
D:3:      layout_rooms, mainiacjoe_overflow_alcove_1,
          nicolae_qazlal_general_emergency, nicolae_overflow_crystal_walls,
          nicolae_ecumenical_oubliette, portal_sewer_entry_d, serial_shops,
          shop, uniq_grinder, uniq_sigmund
D:4:      layout_rooms, serial_shops, shop, bh_walls_and_bars, uniq_edmund,
          uniq_eustachio
D:5:      layout_cave_pools, minmay_fractal_squares_diagonal_5
D:6:      layout_loops_cross, mainiacjoe_overflow_cross_hatched,
          minmay_temple_entry_waves, nicolae_elemental_shop,
          kennysheep_cluttered_room, kennysheep_generic_room_6,
          uniq_prince_ribbit1, uniq_maggie
D:7:      layout_basic, general_overflow_altar, chequers_jeans
D:8:      layout_loops_cross, elyvilon_altar_1, minivault_24, uniq_joseph
D:9:      layout_irregular_city, fedhas_altar_3, kiku_gazebo_garden_becter,
          nicolae_specific_store, minmay_between, uniq_psyche
D:10:     layout_roguey, zin_scriptorium, mainiacjoe_overflow_chevrons,
          mainiacjoe_overflow_two_lobes, okawaru_humans, enter_bailey_3,
          minmay_misc_feat_columns, minmay_misc_feat_chi
D:11:     layout_cave_pools, gauntlet_entry_generic, uniq_nergalle
D:12:     layout_cross, erik_orc_2
D:13:     layout_basic, serial_shops, shop, gammafunk_ghost_ooze
D:14:     layout_basic, david_vaults_5, special_room [special_room_bee],
          nicolae_vehumet_altar_sigil, nicolae_shop_self_help, uniq_frances
D:15:     hellmonk_depths_entry_around_the_bend, layout_layer_cave,
          nicolae_uskayaw_dance_hall
Lair:1:   lemuel_slime, layout_regular_city
Lair:2:   layout_long_grid, minmay_snake_entry_six_corridors, st_stairs_3
Lair:3:   layout_big_grid, minmay_swamp_entry_swarm, beast_lair_carwin_9,
          grunt_megastairs_3
Lair:4:   layout_regular_city, dpeg_slime_entry_enclosed, uniq_urug
Lair:5:   hellmonk_lair_end_abyssal_woods, layout_misc_corridors
Swamp:1:  layout_basic_swamp, evilmike_swamp_ruin_house_3
Swamp:2:  layout_basic_swamp, hangedman_swamp_diagram
Swamp:3:  layout_basic_swamp, nicolae_swamp_well_well_well,
          infiniplex_staircase_pool
Swamp:4:  swamp, layout_basic_swamp, gammafunk_ghost_split, uniq_aizul
Snake:1:  layout_concentric_octagons, serial_shops, shop,
          nicolae_shop_behind_doors, shop, nicolae_shop_peninsula
Snake:2:  layout_honeycomb, nicolae_snake_yet_another_twisty_hallway,
          nicolae_snake_gridmaze_big_u, lemuel_fruit_tree, uniq_mlioglotl,
          uniq_roxanne, uniq_jorgrun
Snake:3:  layout_misc_corridors
Snake:4:  snake_hunt, layout_cave_town, grunt_ministairs_9, serial_bayou_ford_a,
          nicolae_snake_serpentine_bazaar
Orc:1:    layout_diamond_mine, nicolae_orc_stony_grotto, uniq_maurice
Orc:2:    grunt_orc_community_town_hall, layout_caves,
          grunt_orc_community_big_house_2, grunt_orc_community_big_house_2,
          grunt_orc_community_house_2, grunt_orc_community_house_1,
          grunt_orc_community_house_2, grunt_orc_community_house_2,
          grunt_orc_community_house_3, nicolae_orc_flooded_monolith

Skill      XL: |  1  2  3  4  5  6  7  8  9 10 11 12 13 14 15 16 17 |
---------------+----------------------------------------------------+-----
Axes           | 4 5 7 9 11 12 14 15 16 17 | 17.9
Fighting       | 4 5 6 7 8 9 11 12 14 15 16 18 | 18.2
Armour         | 3 4 5 6 7 9 10 11 12 13 14 15 16 | 16.2
Dodging        | 3 4 5 6 7 8 9 10 11 12 | 12.3
Shields        | 1 3 6 8 10 11 14 16 18 20 | 20.5
Evocations     | 1 3 4 5 6 7 8 |  8.6
Maces & Flails | 1 |  1.0

Action                     |  1- 3 |  4- 6 |  7- 9 | 10-12 | 13-15 | 16-18 || total
---------------------------+-------+-------+-------+-------+-------+-------++-------
  Melee: Hand axe          |    51 |       |       |       |    46 |       ||    97
         Headbutt          |     5 |     3 |    31 |   109 |   238 |   250 ||   636
         Battleaxe         |    15 |    47 |    82 |       |       |       ||   144
         War axe           |       |       |   124 |   194 |    36 |   159 ||   513
         Broad axe         |       |       |       |   279 |   954 |   748 ||  1981
         Mace              |       |       |       |       |     3 |       ||     3
 Invoke: Berserk           |       |       |     1 |     1 |     2 |       ||     4
         Brothers in Arms  |       |       |       |       |       |     5 ||     5
         Trog's Hand       |       |       |       |       |       |     3 ||     3
  Evoke: Wand              |       |       |       |       |     9 |       ||     9
    Use: Scroll            |     1 |       |     6 |    12 |    10 |     8 ||    37
         Potion            |       |       |       |     2 |       |     1 ||     3
   Stab: Petrified         |       |       |       |       |     1 |       ||     1
         Distracted        |       |       |       |       |     1 |       ||     1
 Armour: Ring mail         |    49 |    39 |     2 |       |       |       ||    90
         Animal skin       |     7 |       |       |       |       |       ||     7
         Chain mail        |       |       |   148 |   156 |       |       ||   304
         Plate armour      |       |       |       |   238 |   789 |   866 ||  1893
  Dodge: Dodged            |    42 |    23 |    85 |   116 |   231 |   212 ||   709
  Block: Tower shield      |       |       |    68 |   443 |  1057 |  1203 ||  2771

Table legend: (Time is in decaauts)
 A = Elapsed time spent in this place.
 B = Non-inter-level travel time spent in this place.
 C = Inter-level travel time spent in this place.
 D = Time resting spent in this place.
 E = Time spent auto-exploring this place.
 F = Levels seen in this place.
 G = Mean time per level.
                   A        B        C        D        E       F      G
               +--------+--------+--------+--------+--------+-----+--------+
         Total |  35821 |  33620 |   2201 |   6109 |  14896 |  32 | 1119.4 |
       Dungeon |  17046 |  15610 |   1436 |   2475 |   8446 |  15 | 1136.4 |
          Lair |   7338 |   6789 |    549 |   1240 |   2777 |   5 | 1467.6 |
         Swamp |   4929 |   4845 |     84 |   1400 |   1856 |   4 | 1232.2 |
     Snake Pit |   2873 |   2839 |     34 |    247 |   1391 |   4 |  718.2 |
  Orcish Mines |   2877 |   2781 |     96 |    746 |    426 |   2 | 1438.5 |
         Sewer |    316 |    316 |      0 |      0 |      0 |   1 |  316.0 |
        Bailey |    440 |    440 |      0 |      0 |      0 |   1 |  440.0 |
               +--------+--------+--------+--------+--------+-----+--------+

Top non-repeatable levels by time:
    D:10: 1953 daAuts
  Lair:5: 1695 daAuts
 Swamp:3: 1683 daAuts
   Orc:1: 1624 daAuts
    D:15: 1605 daAuts
  Lair:2: 1598 daAuts
    D:14: 1596 daAuts
  Lair:1: 1542 daAuts
  Lair:4: 1493 daAuts
 Snake:2: 1352 daAuts
   Orc:2: 1253 daAuts
     D:6: 1241 daAuts
     D:8: 1239 daAuts
     D:1: 1226 daAuts
    D:13: 1222 daAuts
